 Dungeon Crawl Stone Soup version 0.27.1 (webtiles) character file.

Game seed: 5451272163685407414

345 Descartes the Sneak (level 6, -7/26 HPs)
             Began as a Felid Wanderer on Aug 30, 2021.
             Mangled by an iguana (11 damage)
             ... on level 3 of the Dungeon.
             The game lasted 00:07:06 (4649 turns).

Descartes the Sneak (Felid Wanderer)                Turns: 4649, Time: 00:07:07

Health: -7/26      AC:  2    Str:  8    XL:     6   Next: 32%
Magic:  19/19      EV: 21    Int: 11    God:
Gold:   124        SH:  5    Dex: 20    Spells: 6/9 levels left
                                        Lives:  0   Deaths: 1

rFire    . . .     SeeInvis +     - Unarmed
rCold    . . .     Faith    .   (shield unavailable)
rNeg     . . .     Spirit   .   (armour unavailable)
rPois    .         Reflect  +   (helmet unavailable)
rElec    .         Harm     .   (cloak unavailable)
rCorr    .         Rampage  .   (gloves unavailable)
Will     +....                  (boots unavailable)
Stlth    ++++......             k - amulet of reflection
HPRegen  0.08/turn              e - ring of willpower
MPRegen  0.16/turn              g - ring of magical power

@: quick
A: very small, claws 1, fangs 3, see invisible, speed 1, shaggy fur 2, stealthy
paws, no weapons or thrown items, no armour, multi-lived
a: no special abilities


You were on level 3 of the Dungeon.
You visited 1 branch of the dungeon, and saw 4 of its levels.

You collected 124 gold pieces.

Inventory:

Missiles
 i - 47 stones
Jewellery
 e - a ring of willpower (left paw)
 g - a ring of magical power (right paw)
 k - an amulet of reflection (around neck)
Wands
 o - a wand of flame (14)
 s - a wand of digging (5)
Scrolls
 a - a scroll of fear
 d - 3 scrolls of teleportation
 j - a scroll of holy word {unknown}
 l - a scroll of noise {unknown}
 m - 3 scrolls of identify {unknown}
 n - a scroll of immolation {unknown}
 t - a scroll of enchant weapon {unknown}
Potions
 b - 2 potions of heal wounds
 c - 2 potions of curing
 f - a potion of cancellation {unknown}
 h - a potion of haste {unknown}
 p - a potion of resistance {unknown}
 q - a potion of degeneration {unknown}
 r - 2 potions of invisibility {unknown}


   Skills:
 - Level 2.0 Fighting
 + Level 5.6 Dodging
 + Level 7.5 Stealth
 - Level 4.0 Unarmed Combat
 - Level 2.0 Spellcasting
 + Level 3.2 Translocations
 - Level 1.1 Evocations


You had 6 spell levels left.
You knew the following spells:

 Your Spells              Type           Power      Damage    Failure   Level
a - Teleport Other        Tloc           8%         N/A       22%         3

Your spell library contained the following spells:

 Spells                   Type           Power      Damage    Failure   Level
 Gell's Gravitas          Tloc           4%         N/A       22%         3
 Lesser Beckoning         Tloc           4%         N/A       22%         3
 Dispersal                Tloc           4%         N/A       100%        6
 Disjunction              Tloc           4%         N/A       100%        8


Dungeon Overview and Level Annotations

Branches:
Dungeon (4/15)
 Temple: D:4-7

Altars:

Annotations:
D:4 Ijyb


Innate Abilities, Weirdness & Mutations

You have sharp claws.
You have razor-sharp teeth.
You have supernaturally acute eyesight. (SInv)
You cover ground quickly. (Speed+)
You are covered in thick fur. (AC +2)
Your paws help you pounce on unaware monsters.
You are incapable of wielding weapons or throwing items.
You cannot wear armour.
You gain extra lives every three experience levels.


Message History

The iguana misses you.
You scratch the iguana.
The iguana is moderately wounded.
The iguana hisses menacingly.
The iguana bites you.
You scratch the iguana.
The iguana is heavily wounded.
The iguana bites you.
You scratch the iguana.
The iguana is severely wounded.
You scratch the iguana but do no damage.
The iguana is severely wounded.
The iguana bites you.
You scratch the iguana but do no damage.
Your bite misses the iguana.
The iguana is heavily wounded.
The iguana closely misses you.
You scratch the iguana.
The iguana is almost dead.
The iguana hisses menacingly.
The iguana completely misses you.
You closely miss the iguana.
The iguana is almost dead.
The iguana bites you!
* * * LOW HITPOINT WARNING * * *
You are too injured to fight recklessly!
You are too injured to fight recklessly!
You are too injured to fight recklessly!
You are too injured to fight recklessly!
You are too injured to fight recklessly!
You are too injured to fight recklessly!
You are too injured to fight recklessly!
You are too injured to fight recklessly!
You are too injured to fight recklessly!
You are too injured to fight recklessly!
You are too injured to fight recklessly!
You closely miss the iguana.
The iguana is almost dead.
The iguana bites you!
You die...

# #.# #.###.#.# ## #.##
#.##..#.#
.####..####.##.##.#
.#....#..##.##.##.#
############
.....###.##.......##
#.......##.. ....##
##..........# #.#####.##.#
...#.###.####.####.#
#.......##.# ...#..#..#
#.####.###.##....<...
...#.#.#.#
#<#.@.......#.##.##..
#........#
#.#l##.##.....##.##..
####.#####
#.)....##........##.. #...#
####.######.#####.##.. #...#
#.......# #....[..##.# #...#
#.##.##.############.#
###...######.##............#
#.#
..........##.##............#
#.#
.............###...........#
#.#


You could see an iguana.

Vanquished Creatures
  Sigmund (D:3)
  Menkaure (D:4)
  A hound (D:3)
  Jessica (D:3)
  An orc wizard (D:2)
  2 adders
  A white imp (D:3)
  3 worms
  2 dart slugs
  4 orcs (D:3)
  13 endoplasms
  2 giant cockroaches
  7 goblins
  7 hobgoblins
  7 jackals (D:3)
  7 kobolds
  7 quokkas
  8 ball pythons
  4 bats
  2 frilled lizards (D:1)
  A jackal skeleton (D:2)
  3 rats
85 creatures vanquished.

Notes
Turn   | Place    | Note
-------+----------+-------------------------------------------
     0 | D:1      | Descartes the Felid Wanderer began the quest for the Orb.
     0 | D:1      | Descartes set off with the following items: a scroll of
                  | fear, a potion of heal wounds, a potion of curing, a scroll
                  | of teleportation
     0 | D:1      | Reached XP level 1. HP: 9/9 MP: 2/2
   124 | D:1      | Reached skill level 1 in Dodging
   149 | D:1      | Reached XP level 2. HP: 12/13 MP: 3/3
   980 | D:1      | Reached skill level 5 in Stealth
   998 | D:1      | Reached XP level 3. HP: 15/16 MP: 4/4
  2699 | D:2      | Found a faded altar of an unknown god.
  2719 | D:3      | Reached XP level 4. HP: 19/19 MP: 5/5
  2739 | D:3      | Noticed Sigmund
  2749 | D:3      | Killed Sigmund
  2750 | D:3      | Reached skill level 6 in Stealth
  2750 | D:3      | Reached XP level 5. HP: 8/22 MP: 9/9
  2754 | D:3      | Learned a level 3 spell: Teleport Other
  3343 | D:3      | Noticed Jessica
  3347 | D:3      | Killed Jessica
  3348 | D:3      | Reached skill level 1 in Translocations
  3348 | D:3      | Gained mutation: You are covered in thick fur. (AC +2)
                  | [Felid growth]
  3348 | D:3      | Reached XP level 6. HP: 26/26 MP: 10/10
  4044 | D:3      | Killed from afar by an orc wizard
  4045 | D:3      | Reached XP level 5. HP: -2/22 MP: 18/18
  4259 | D:2      | Reached skill level 7 in Stealth
  4374 | D:3      | Reached skill level 5 in Dodging
  4558 | D:4      | Noticed Ijyb
  4577 | D:4      | Noticed Menkaure
  4578 | D:4      | Killed Menkaure
  4579 | D:4      | Reached XP level 6. HP: 26/26 MP: 10/10
  4649 | D:3      | Mangled by an iguana

Illustrated notes

Levels and vault maps discovered:
D:1:      minmay_arrival_three_doors, layout_basic, minmay_misc_feat_roman,
          minmay_statues_item
D:2:      layout_basic, basic_ecumenical_altar, serial_curves, eino_curves_04,
          eino_curves_01, eino_curves_02, eino_curves_02,
          amcnicky_mini_rare_corridor_liquid
D:3:      layout_loops_cross, nrook_campfire, minivault_14, uniq_sigmund,
          uniq_jessica
D:4:      layout_rooms, old_standard_altar, grunt_ministairs_4,
          eino_tiny_chamber, nicolae_shop_self_help, uniq_menkaure, uniq_ijyb,
          uniq_natasha, uniq_eustachio

Skill      XL: |  1  2  3  4  5  6 |
---------------+-------------------+-----
Dodging        | 1 2 3 4 5 |  5.6
Stealth        | 5 6 7 |  7.5
Spellcasting   | 2 |  2.0
Translocations | 2 3 |  3.2
Fighting       | |  2.0
Unarmed Combat | |  4.0
Evocations     | |  1.1

Action                   |  1- 3 |  4- 6 || total
-------------------------+-------+-------++-------
Melee: Unarmed           |    97 |   158 ||   255
       Bite              |    10 |    22 ||    32
       Punch             |     1 |       ||     1
 Stab: Sleeping          |    16 |     8 ||    24
       Distracted        |       |     1 ||     1
Armor: Skin              |     1 |     9 ||    10
Dodge: Dodged            |    53 |   101 ||   154
Block: Other             |     6 |    30 ||    36
